 Dungeon Crawl Stone Soup version 0.27.1-2-g3b301248ec (webtiles) character file.

Game seed: 6576705859857814418

79 StoopidFlanders the Slasher (level 4, -3/37 HPs)
             Began as a Palentonga Warper on Sept 23, 2021.
             Killed by nerve-wracking pain
             ... invoked by an orc priest
              (11 damage)
             ... on level 3 of the Dungeon.
             The game lasted 00:02:24 (1786 turns).

StoopidFlanders the Slasher (Palentonga Warper)     Turns: 1786, Time: 00:02:24

Health: -3/37      AC:  8    Str: 15    XL:     4   Next: 16%
Magic:  7/7        EV:  9    Int: 14    God:
Gold:   58         SH:  0    Dex:  9    Spells: 7/7 levels left

rFire    + . .     SeeInvis +   a - +0 falchion
rCold    x . .     Faith    .   (no shield)
rNeg     . . .     Spirit   .   b - +0 leather armour
rPois    .         Reflect  .   (no helmet)
rElec    .         Harm     .   (no cloak)
rCorr    .         Rampage  .   (no gloves)
Will     .....                  (no barding)
Stlth    +.........             (no amulet)
HPRegen  0.12/turn              h - +4 ring of protection
MPRegen  0.10/turn              j - ring of fire

@: no status effects
A: large, rugged brown scales 3, see invisible, deformed body, roll 1, armoured
tail
a: Rolling Charge


You were on level 3 of the Dungeon.
You visited 1 branch of the dungeon, and saw 3 of its levels.

You collected 58 gold pieces.

Inventory:

Hand Weapons
 a - a +0 falchion (weapon)
Missiles
 d - 5 boomerangs of dispersal (quivered)
Armour
 b - a +0 leather armour (worn)
Jewellery
 h - a +4 ring of protection (left hand)
 j - a ring of fire (right hand)
Scrolls
 c - a scroll of blinking
 f - a scroll of vulnerability {unknown}
 g - a scroll of summoning {unknown}
 i - 2 scrolls of identify {unknown}
 n - a scroll of noise {unknown}
 o - a scroll of immolation {unknown}
Potions
 e - a potion of might {unknown}
 k - a potion of lignification {unknown}
 l - a potion of degeneration {unknown}
 m - 2 potions of brilliance {unknown}
 p - a potion of heal wounds {unknown}


   Skills:
 + Level 3.0 Fighting
 * Level 3.8 Long Blades
 - Level 0.6 Throwing
 - Level 0.7 Armour
 - Level 1.5 Dodging
 - Level 2.0 Spellcasting
 - Level 3.0 Translocations


You had 7 spell levels left.
You didn't know any spells.
Your spell library contained the following spells:

 Spells                   Type           Power      Damage    Failure   Level
 Blink                    Tloc           N/A        N/A       13%         2
 Gell's Gravitas          Tloc           4%         N/A       26%         3
 Lesser Beckoning         Tloc           4%         N/A       26%         3
 Teleport Other           Tloc           9%         N/A       26%         3
 Manifold Assault         Tloc           9%         N/A       93%         5


Dungeon Overview and Level Annotations

Branches:
Dungeon (3/15)

Altars:


Innate Abilities, Weirdness & Mutations

You are completely covered in rugged brown scales. (AC +3, +7% HP)
You have supernaturally acute eyesight. (SInv)
Armour fits poorly on your strangely shaped body.
You can roll at nearby foes to attack.
You have a long armoured tail.


Message History

Done exploring.
Done exploring.
Things that are here:
a +0 club; a +0 hunting sling; 18 stones
There is an open door here.
There is an open door here.
Things that are here:
a +0 short sword of speed; a kobold corpse
There is an open door here.
There is an open door here.
There is a stone staircase leading down here.
You climb downwards.
The orc priest shouts!
The goblin shouts!
Found a hunting sling and a ring mail.
There is a stone staircase leading up here.
The orc priest calls down the wrath of Beogh upon you.
Pain shoots through your body!
An orc comes into view. It is wielding a +0 club.
The orc shouts!
An orc comes into view. It is wielding a +0 club.
The orc shouts!
The orc priest closely misses you.
You see here a +0 ring mail.
You closely miss the orc priest.
A rat comes into view.
The orc priest calls down the wrath of Beogh upon you.
Beogh smites you!
The rat moves out of view.
You hit the orc priest but do no damage.
The orc priest hits you but does no damage.
You closely miss the orc priest.
The orc priest hits you but does no damage.
You closely miss the orc priest.
The orc priest hits you with a +0 hand axe.
* * * LOW HITPOINT WARNING * * *
You barely miss the orc priest. The orc priest barely misses you.
You hit the orc priest.
The orc priest is moderately wounded.
The orc priest invokes the aid of Beogh against you.
Pain shoots through your body!
You die...

#.#.# ...
#.#.##.#
#.#....
....#
##..#
#.<.#
#.)...#K#
...#.###g#
K # #@#
#o#


#or ##.. #.. ... .#.. ###. You could see an orc priest, an orc, a goblin, a
kobold and a rat.

Vanquished Creatures
  Jessica (D:2)
  An adder (D:2)
  A worm (D:2)
  2 dart slugs
  4 endoplasms
  A hobgoblin (D:2)
  4 jackals
  3 ball pythons
  3 bats (D:1)
  3 frilled lizards
  5 goblins
  6 kobolds
  4 rats (D:2)
38 creatures vanquished.

Notes
Turn   | Place    | Note
-------+----------+-------------------------------------------
     0 | D:1      | StoopidFlanders the Palentonga Warper began the quest for
                  | the Orb.
     0 | D:1      | Reached XP level 1. HP: 17/17 MP: 3/3
   300 | D:1      | Reached XP level 2. HP: 21/23 MP: 5/5
   658 | D:1      | Found a faded altar of an unknown god.
   695 | D:2      | Noticed Jessica
   701 | D:2      | Killed Jessica
   702 | D:2      | Reached XP level 3. HP: 13/29 MP: 6/6
  1192 | D:2      | Reached XP level 4. HP: 33/36 MP: 7/7
  1786 | D:3      | Killed from afar by an orc priest

Illustrated notes

Levels and vault maps discovered:
D:1:      dpeg_arrival_rhombus, layout_rooms, shapermc_ecumenical_altar_pompeii
D:2:      layout_basic, uniq_jessica
D:3:      layout_rooms, uniq_terence

Skill      XL: |  1  2  3  4 |
---------------+-------------+-----
Long Blades    | 3 |  3.8
Fighting       | 3 |  3.0
Throwing       | |  0.6
Armour         | |  0.7
Dodging        | |  1.5
Spellcasting   | |  2.0
Translocations | |  3.0

Action                   |  1- 3 |  4- 6 || total
-------------------------+-------+-------++-------
Melee: Falchion          |    79 |    36 ||   115
       Tailslap          |     8 |     2 ||    10
Armor: Leather armour    |    48 |    12 ||    60
Dodge: Dodged            |    49 |    19 ||    68
       Rpst.: Falchion   |    19 |     5 ||    24
